Get step-by-step instructions on how to execute this build order below. Start the game timer, and the build order will tick by so you can play in parallel with StarCraft on a second screen or mobile device.

Game Time

  0:00

Last Step

  N/A

Next Step

Upcoming Step



Don't want to look back and forth between 2 screens? Try out our Overwolf App, the Spawning Tool Build Advisor to get an in-game overlay with this build!

Complete Build Order

  12  0:01  Drone  
  13  0:08  Drone  
  14  0:26  Spawning Pool  
  13  0:33  Overlord  
  13  0:38  Drone  
  14  1:13  Hatchery  
  14  1:14  Zergling x6  
  16  1:25  Queen  
  18  1:31  Extractor  
  17  1:38  Drone  
  17  1:39  Drone  
  19  1:48  Overlord  
  19  1:58  Drone